 Dungeon Crawl Stone Soup version 0.26.1-2-gb8aa6d0cf2 (webtiles) character file.

Game seed: 3359634314472997314

302 Gadfly the Skirmisher (level 6, 0/62 HPs)
             Began as an Ogre Monk on Feb 11, 2021.
             Slain by an orc priest
             ... wielding a +0 trident
              (1 damage)
             ... on level 3 of the Dungeon.
             The game lasted 00:05:29 (4062 turns).

Gadfly the Skirmisher (Ogre Monk)                   Turns: 4062, Time: 00:05:30

Health: 0/62       AC:  4    Str: 18    XL:     6   Next: 37%
Magic:  7/8        EV: 10    Int: 11    God:
Gold:   232        SH:  0    Dex: 11    Spells: 5/5 levels left

rFire    . . .     SeeInvis .   a - +5 mace
rCold    . . .     Faith    .   (no shield)
rNeg     . . .     Spirit   .   b - +1 robe
rPois    .         Reflect  .   (helmet restricted)
rElec    .         Harm     .   (no cloak)
rCorr    .         Rampage  .   (gloves unavailable)
Will     .....                  (boots unavailable)
Stlth    ++........             (no amulet)
HPRegen  0.20/turn              (no ring)
MPRegen  0.11/turn              (no ring)

@: no status effects
A: large, unfitting armour, tough skin 1
a: no special abilities


You were on level 3 of the Dungeon.
You visited 1 branch of the dungeon, and saw 3 of its levels.

You collected 232 gold pieces.

Inventory:

Hand Weapons
 a - a +5 mace (weapon)
Missiles
 c - 148 stones (quivered)
Armour
 b - a +1 robe (worn)
Scrolls
 f - a scroll of remove curse
 h - a scroll of enchant armour
Potions
 e - a potion of mutation
 g - a potion of haste
 k - a potion of flight
 m - a potion of berserk rage
 n - a potion of curing


   Skills:
 - Level 4.0 Fighting
 + Level 3.3 Maces & Flails
 * Level 2.7 Throwing
 * Level 2.0 Armour
 - Level 2.6 Dodging
 - Level 1.4 Stealth
 * Level 2.7 Invocations
 * Level 2.2 Evocations


You had 5 spell levels left.
You didn't know any spells.
Your spell library was empty.

Dungeon Overview and Level Annotations

Branches:
Dungeon (3/15)

Altars:
Dithmenos
Qazlal
Uskayaw
Vehumet
Yredelemnul


Innate Abilities, Weirdness & Mutations

You are too large for most types of armour.
You have tough skin. (AC +1)


Message History

a +0 dagger; a +0 robe; an orc corpse The orc priest looks encouraged for a moment.
Okay, then.
The orc barely misses you.
The orc priest invokes the aid of Beogh against you.
Beogh smites you!
* * * LOW HITPOINT WARNING * * *
You hit the orc.
The orc is severely wounded.
The orc hits you but does no damage. The orc priest barely misses you.
The orc hits you but does no damage.
You sock the orc!
You kill the orc!
The orc priest hits you from afar with a +0 trident.
* * * LOW HITPOINT WARNING * * *
The orc priest calls down the wrath of Beogh upon you.
Beogh smites you!
* * * LOW HITPOINT WARNING * * *
The orc priest hits you with a +0 trident.
You die...

####################
#...................
###@###############.
#o# #############.
#Z###..........##.
#o#.........#....>
#.#.#.#####.#..##.
#.# #.#..##. #.#
#.#..##. #.#
#.#..##. #.#
#.#..##.


You could see 2 orc priests and an adder zombie.

Vanquished Creatures
  Sigmund (D:3)
  An orc wizard (D:3)
  Robin (D:3)
  4 adders
  An ooze (D:1)
  2 worms
  2 dart slugs
  4 leopard geckos
  2 orcs (D:3)
  2 giant cockroaches
  7 goblins
  13 hobgoblins
  5 jackals (D:2)
  3 kobolds
  A ball python (D:2)
  8 bats
  2 frilled lizards
  6 rats
65 creatures vanquished.

Vanquished Creatures (others)
  A goblin (D:3)
1 creature vanquished.

Grand Total: 66 creatures vanquished

Notes
Turn   | Place    | Note
-------+----------+-------------------------------------------
     0 | D:1      | Gadfly the Ogre Monk began the quest for the Orb.
     0 | D:1      | Reached XP level 1. HP: 24/24 MP: 1/1
   357 | D:1      | Reached XP level 2. HP: 19/32 MP: 2/2
   931 | D:1      | Reached skill level 1 in Invocations
   931 | D:1      | Reached XP level 3. HP: 39/39 MP: 3/3
  1018 | D:2      | Reached skill level 1 in Throwing
  1043 | D:2      | Found a shadowy altar of Dithmenos.
  1136 | D:2      | Found a hide-covered altar of Uskayaw.
  1230 | D:2      | Found a radiant altar of Vehumet.
  1316 | D:2      | Reached skill level 1 in Evocations
  2401 | D:3      | Reached skill level 1 in Armour
  2401 | D:3      | Reached XP level 4. HP: 41/48 MP: 3/5
  2483 | D:3      | Found a basalt altar of Yredelemnul.
  2706 | D:3      | Found a stormy altar of Qazlal.
  2891 | D:3      | Noticed Robin
  2964 | D:3      | Noticed Sigmund
  3586 | D:3      | Killed Sigmund
  3587 | D:3      | Reached XP level 5. HP: 8/54 MP: 6/6
  3587 | D:3      | Reached XP level 6. HP: 10/62 MP: 7/7
  3932 | D:3      | Killed Robin
  4062 | D:3      | HP: 1/62 [orc priest/divine providence (8)]
  4062 | D:3      | Slain by an orc priest

Illustrated notes

Levels and vault maps discovered:
D:1:      erik_arrival_orb_chamber, layout_rooms, minmay_curled_crystal
D:2:      layout_basic, marbit_many_paths, nicolae_dithmenos_shadow_blocks,
          nicolae_overflow_crystal_walls, st_stairs_2
D:3:      layout_basic, yredelemnul_altar_generic,
          nicolae_qazlal_general_emergency, uniq_robin, uniq_sigmund

Skill      XL: |  1  2  3  4  5  6 |
---------------+-------------------+-----
Invocations    | 1 2 |  2.7
Throwing       | 1 2 |  2.7
Evocations     | 1 2 |  2.2
Maces & Flails | 3 |  3.3
Armour         | 1 2 |  2.0
Fighting       | |  4.0
Dodging        | |  2.6
Stealth        | |  1.4

Action                   |  1- 3 |  4- 6 || total
-------------------------+-------+-------++-------
Melee: Mace              |   134 |    91 ||   225
Throw: Stone             |    17 |       ||    17
  Use: Scroll            |    10 |     4 ||    14
       Potion            |     1 |     1 ||     2
 Stab: Sleeping          |     4 |     1 ||     5
Armor: Robe              |    48 |    26 ||    74
Dodge: Dodged            |    90 |    64 ||   154
